 Dungeon Crawl Stone Soup version 0.14.2-1-g46dc7f8a84 (webtiles) character file.

368 Hugehornet the Sneak (level 5, 0/29 HPs)
             Began as a Kobold Artificer on May 14, 2020.
             Slain by a giant cockroach (1 damage)
             ... on Level 4 of the Dungeon.
             The game lasted 00:07:11 (3178 turns).

Hugehornet the Sneak (Kobold Artificer)             Turns: 3178, Time: 00:07:11

HP   0/29        AC  4     Str 11      XL: 5   Next: 79%
MP   8/8         EV 12     Int 10      God:
Gold 199         SH 10     Dex 16      Spells:  0 memorised,  4 levels left

rFire  . . .     SeeInvis .     a - +0,+1 short sword
rCold  . . .     Clarity  .     e - +0 leather armour
rNeg   . . .     Conserve .     i - +1 buckler
rPois  .         rCorr    .     (no helmet)
rElec  .         rRot     .     q - +0 cloak
SustAb . .       Spirit   .     (no gloves)
rMut   .         Warding  .     (no boots)
Saprov + + .     Stasis   .     (no amulet)
MR     +....                    (no ring)
                                r - ring of protection from magic {unknown}

@: invisible, very slightly contaminated, hasted, very quick, somewhat resistant
to hostile enchantments, very stealthy
A: disease resistance, carnivore 3, saprovore 2
a: no special abilities


You were on level 4 of the Dungeon.
You were very full.

You visited 1 branch of the dungeon, and saw 4 of its levels.

You collected 199 gold pieces.

Inventory:

Hand weapons
 a - a +0,+1 short sword (weapon)
Armour
 e - a +0 leather armour (worn)
 i - a +1 buckler (worn)
 q - a +0 cloak (worn)
Magical devices
 b - a wand of flame (0)
 c - a wand of enslavement (15)
 d - a wand of random effects (15)
 y - a wand of digging (18)
Comestibles
 f - 3 meat rations
 p - 2 bread rations
Scrolls
 h - 4 scrolls of remove curse
 k - 2 scrolls of magic mapping {unknown}
 l - 2 scrolls of teleportation
 n - a scroll of enchant armour
 v - 2 scrolls of blinking {unknown}
 w - a scroll of fear
 x - 3 scrolls of enchant weapon II
Jewellery
 m - an uncursed amulet of resist mutation {unknown}
 r - a ring of protection from magic (left hand) {unknown}
 s - an uncursed amulet of faith {unknown}
Potions
 g - a potion of might
 j - a potion of degeneration
 o - 2 potions of restore abilities
 u - a potion of confusion


   Skills:
 - Level 1.1 Fighting
 + Level 2.3 Short Blades
 - Level 2.4 Dodging
 * Level 6.7 Stealth
 + Level 4.1 Evocations


You had 4 spell levels left.
You didn't know any spells.

Dungeon Overview and Level Annotations

Branches:
Dungeon (4/15)
 Temple: D:4-7

Altars:
Kikubaaqudgha

Annotations:
D:4 Grinder


Innate Abilities, Weirdness & Mutations

You recuperate from illness quickly.
You are small and have problems with some larger weapons.
You are carnivorous and can eat meat at any time.
You can eat rotten meat.


Message History

The giant cockroach closely misses you. Grinder gestures at you. You resist.
You closely miss Grinder.
Grinder is heavily wounded.
The giant cockroach closely misses you. Grinder hits you.
You hit Grinder.
Grinder is heavily wounded.
You block the giant cockroach's attack.
The giant cockroach bites you but does no damage.
Grinder hits you!
* * * LOW HITPOINT WARNING * * *
Drink which item? (? for menu, Esc to quit)
You fade into invisibility!
The giant cockroach closely misses you. Grinder barely misses you.
You are very lightly contaminated with residual magic.
Drink which item? (? for menu, Esc to quit)
You feel yourself speed up.
It was a potion of haste.
The giant cockroach bites you.
You die...

.##............#
.
.##........%...#
..#
.##.###........#
..# ....#
#........# ..#
....# #........#
..# ....#
#........# ..#
###.#
#........##..# #
#.#
#............# #
#.#
#.........@..# #
#.#
#........5s..# #
#.#
............# #
#.# ...........#
# #.#
..........# #
#.. .........# #
#.. ........#
.......# ...


You could see Grinder and a giant cockroach.

Vanquished Creatures
  An ogre (D:4)
  4 adders
  4 giant geckos
  A ball python (D:4)
  4 giant cockroaches
  2 hobgoblins
  2 jackals (D:1)
  8 bats
  A giant newt (D:2)
  6 goblins
  3 kobolds
  3 quokkas
  6 rats
45 creatures vanquished.

Notes
Turn   | Place    | Note
--------------------------------------------------------------
     0 | D:1      | Hugehornet, the Kobold Artificer, began the quest for the Orb.
     0 | D:1      | Reached XP level 1. HP: 12/12 MP: 1/1
   468 | D:1      | Reached XP level 2. HP: 16/16 MP: 3/3
  1249 | D:2      | Reached skill level 4 in Stealth
  1249 | D:2      | Reached XP level 3. HP: 16/20 MP: 4/4
  1589 | D:2      | Reached skill level 5 in Stealth
  1589 | D:2      | Reached XP level 4. HP: 21/25 MP: 6/6
  2827 | D:4      | Noticed an ogre
  2834 | D:4      | Killed an ogre
  2834 | D:4      | Reached skill level 6 in Stealth
  2834 | D:4      | Reached XP level 5. HP: 29/29 MP: 8/8
  3095 | D:3      | Found an ancient bone altar of Kikubaaqudgha.
  3161 | D:4      | Noticed Grinder
  3162 | D:4      | Paralysed by Grinder for 4 turns
  3176 | D:4      | HP: 1/29 [Grinder (10)]
  3178 | D:4      | Slain by a giant cockroach

Action                   |  1- 3 |  4- 6 || total
-------------------------+-------+-------++-------
Melee: Short sword       |    72 |    88 ||   160
Evoke: Wand              |     2 |    14 ||    16
  Use: Scroll            |     9 |     1 ||    10
       Potion            |     1 |     2 ||     3
 Stab: Sleeping          |     3 |     3 ||     6
